 Dungeon Crawl Stone Soup version 0.31-a0-977-gc230f8ef24 (webtiles) character file.

Game seed: 1178233215763112623

233 croobank the Ducker (level 5, 0/25 HPs)
             Began as a Felid Fighter on Oct 29, 2023.
             Slain by Grinder (6 damage)
             ... while paralysed by Grinder
             ... on level 3 of the Dungeon.
             The game lasted 00:18:32 (2601 turns).

croobank the Ducker (Felid Fighter)                 Turns: 2601, Time: 00:18:32

Health: 0/25       AC:  1    Str: 14    XL:     5   Next: 74%
Magic:  6/6        EV:  4    Int: 10    God:
Gold:   137        SH:  0    Dex: 15    Spells: 4/4 levels left
                                        Lives:  0   Deaths: 2

rFire   + .          .
                       - Unarmed
rCold   . . .        (shield unavailable)
rNeg    . . .        (body armour unavailable)
rPois   .            (helmet unavailable)
rElec   .            (cloak unavailable)
rCorr   .            (gloves unavailable)
SInv    +            (boots unavailable)
Will    .....        (no amulet)
Stlth   ++           e - ring of protection from fire
HPRegen 0.24/turn    (no ring)
MPRegen 0.10/turn

%: no passive effects
@: paralysed, beast-form, quick
A: beast (slay +1), very small, claws 1, fangs 3, see invisible, speed 1, shaggy
fur 1, stealthy paws, no weapons or thrown items, no armour, multi-lived
a: Begin Untransformation


You were on level 3 of the Dungeon.
You were a hulking beast.
You visited 1 branch of the dungeon, and saw 4 of its levels.

You collected 137 gold pieces.

Inventory:

Jewellery
 e - a ring of protection from fire (left paw)
Talismans
 g - a beast talisman (active)
Scrolls
 c - a scroll of identify
 h - a scroll of butterflies {unknown}
 i - a scroll of vulnerability {unknown}
 k - a scroll of poison {unknown}
 l - a scroll of revelation
 m - a scroll of fog {unknown}
Potions
 a - a potion of lignification {unknown}
 b - a potion of brilliance {unknown}
 d - a potion of mutation
 f - a potion of haste {unknown}
 j - a potion of resistance


   Skills:
 + Level 4.0 Fighting
 + Level 5.3 Dodging
 + Level 3.4 Stealth
 + Level 4.8 Unarmed Combat
 + Level 1.9 Shapeshifting


You had 4 spell levels left.
You didn't know any spells.
Your spell library contained the following spells:

 Spells                   Type           Power      Damage    Failure   Level
 Necrotise                Necr           0%         1d4       36%         1
 Sandblast                Erth           0%         2d4       36%         1
 Slow                     Hex            0%         N/A       36%         1
 Sting                    Tmut/Pois      0%         1d3       36%         1
 Passwall                 Tmut/Erth      0%         N/A       50%         2
 Poisonous Vapours        Pois/Air       0%         N/A       50%         2
 Confusing Touch          Hex            0%         N/A       75%         3
 Sigil of Binding         Hex            0%         N/A       75%         3
 Stone Arrow              Conj/Erth      0%         3d7       75%         3
 Vampiric Draining        Necr           0%         2d6       75%         3
 Brom's Barrelling Bould  Conj/Erth      0%         2d3       98%         4
 Olgreb's Toxic Radiance  Pois           0%         N/A       98%         4
 Agony                    Necr           0%         N/A       100%        5


Dungeon Overview and Level Annotations

Branches:
Dungeon (4/15)
 Temple: D:4-7

Altars:
Vehumet

Shops:
D:1 [   D:3 :

Annotations:
D:3 Grinder


Innate Abilities, Weirdness & Mutations

You are a hulking beast.
Your limbs bulge with bestial killing power. (Slay +1)
You have sharp claws.
You have razor-sharp teeth.
You have supernaturally acute eyesight. (SInv)
You cover ground quickly. (Speed+)
You are covered in fur. (AC +1)
Your paws help you pounce on unaware monsters.
You are incapable of wielding weapons or throwing items.
You cannot wear armour.
You gain extra lives every three experience levels.


Message History

The bat moves out of view.
You scratch the kobold. You bite the kobold.
You kill the kobold!
The bat misses you. The bat hits you.
You closely miss the bat. Your bite misses the bat. The bat misses you.
You scratch the bat.
You kill the bat!
No target in view!
Things that are here:
a +0 short sword; 2 stones; a kobold corpse
c - a scroll of identify No target in view!
Found a radiant altar of Vehumet.
No reachable target in view!
No reachable target in view!
No reachable target in view!
f - a cyan potion
There are no items here.
Found a stone staircase leading down.
The orc shouts!
The orc closely misses you.
You scratch the orc. You bite the orc.
You kill the orc!
Grinder comes into view.
Grinder shouts!
You start waiting.
Grinder is nearby!
You barely miss Grinder. Your bite misses Grinder. Grinder gestures at you.
You suddenly lose the ability to move!
Grinder says, "Mostly I couldn't keep them alive."
Grinder hits you!
You writhe in agony.
Grinder gestures at you. You resist with some effort. Grinder hits you.
* * * LOW HITPOINT WARNING * * *
You writhe in agony.
You die...
Grinder says, "Now the real fun starts!"

#.......#####.....
#...####.....#.###.
...#.####.......#
####.#....###.###
#..#...## ..## # #.##...#
..# #. #.##...######.##
#.###.##...........#
#....h5.#.##...#.#.##
###..##...####.#....#
#.....##....####..#>#.##
.....####.##....##......#
###..5..5.#####...#......
#..#.###########.##.#...
.. ................. #
#########..##....
##.##...#


You could see Grinder.

Vanquished Creatures
  A jelly (D:4)
  2 orc priests (D:4)
  Jessica (D:3)
  An orc wizard (D:4)
  2 adders
  2 worms (D:2)
  10 orcs
  6 ball pythons
  7 bats
  2 endoplasms
  7 goblins
  3 jackals (D:2)
  9 kobolds
  4 quokkas
  A frilled lizard (D:2)
  3 rats
61 creatures vanquished.

Notes
Turn   | Place    | Note
-------+----------+-------------------------------------------
     0 | D:1      | croobank the Felid Fighter began the quest for the Orb.
     0 | D:1      | Reached XP level 1. HP: 10/10 MP: 2/2
   169 | D:1      | Reached XP level 2. HP: 14/14 MP: 3/3
   467 | D:1      | Found Kuavenn's Armour Shoppe.
   572 | D:1      | Found a faded altar of an unknown god.
   835 | D:2      | Reached skill level 1 in Stealth
  1071 | D:2      | Reached XP level 3. HP: 17/17 MP: 4/4
  1248 | D:2      | Found a radiant altar of Vehumet.
  1728 | D:3      | Noticed Jessica
  1792 | D:3      | Killed Jessica
  1793 | D:3      | Reached skill level 1 in Shapeshifting
  1793 | D:3      | Reached XP level 4. HP: 21/21 MP: 5/5
  1926 | D:4      | Slain by an orc
  1999 | D:4      | Reached skill level 5 in Dodging
  1999 | D:4      | Reached XP level 5. HP: 22/25 MP: 6/6
  2230 | D:4      | Killed from afar by an orc priest
  2513 | D:3      | Found Waisat's Vocational Training.
  2561 | D:3      | Found a radiant altar of Vehumet.
  2586 | D:3      | Noticed Grinder
  2598 | D:3      | Paralysed by Grinder for 5 turns
  2601 | D:3      | Slain by Grinder

Illustrated notes

Levels and vault maps discovered:
D:1:      heliophobic_arrival_enchanted_forest, layout_rooms,
          hellmonk_ecumenical_altar_leap_of_faith, serial_shops,
          nicolae_shop_rolling_square
D:2:      layout_loops_corners, basic_altar, minmay_3d_cube
D:3:      layout_rooms, fiery_altar_vehumet, roderic_lattice_a,
          nicolae_shop_vocational, uniq_crazy_yiuf_cottage, uniq_jessica,
          uniq_grinder
D:4:      layout_rooms, serial_aquarium, aquarium_bridge_square
          [aquarium_subvault_balcony, aquarium_subvault_window,
          aquarium_subvault_bridge, aquarium_subvault_bridge],
          aquarium_window_3, aquarium_window_fake, aquarium_view_2e,
          aquarium_balcony_1b

Skill      XL: |  1  2  3  4  5 |
---------------+----------------+-----
Stealth        | 1 2 3 |  3.4
Shapeshifting  | 1 |  1.9
Dodging        | 5 |  5.3
Fighting       | 4 |  4.0
Unarmed Combat | |  4.8

Action                     |  1- 3 |  4- 6 || total
---------------------------+-------+-------++-------
  Melee: Unarmed           |   106 |    80 ||   186
         Bite              |     7 |    10 ||    17
         Punch             |     3 |     3 ||     6
    Use: Scroll            |     3 |     2 ||     5
         Potion            |     1 |     1 ||     2
   Stab: Sleeping          |     2 |     1 ||     3
 Armour: Skin              |    27 |    24 ||    51
  Dodge: Dodged            |    88 |    58 ||   146
   Form: Beast             |     1 |       ||     1

Table legend: (Time is in decaauts)
 A = Elapsed time spent in this place.
 B = Non-inter-level travel time spent in this place.
 C = Inter-level travel time spent in this place.
 D = Time resting spent in this place.
 E = Time spent auto-exploring this place.
 F = Levels seen in this place.
 G = Mean time per level.
                   A        B        C        D        E       F      G
               +--------+--------+--------+--------+--------+-----+--------+
         Total |   2248 |   2212 |     36 |    508 |    905 |   4 |  562.0 |
       Dungeon |   2248 |   2212 |     36 |    508 |    905 |   4 |  562.0 |
               +--------+--------+--------+--------+--------+-----+--------+

Top non-repeatable levels by time:
     D:2: 928 daAuts
     D:1: 588 daAuts
     D:4: 528 daAuts
     D:3: 202 daAuts
